 Dungeon Crawl Stone Soup version 0.29-a0-541-gaf1fc19f1b (webtiles) character file.

Game seed: 10820694635782700548

9 Flugkiller the Chopper (level 2, -4/27 HPs)
             Began as a Meteoran Chaos Knight on June 2, 2022.
             Was a Plaything of Xom.
             Slain by an orc
             ... wielding a +0 mace
              (6 damage)
             ... on level 3 of the Dungeon.
             The game lasted 00:00:32 (135 turns).

Flugkiller the Chopper (Meteoran Chaos Knight)       Turns: 135, Time: 00:00:32

Health: -4/27      AC:  5    Str: 13    XL:     2   Next: 41%
Magic:  3/3        EV: 12    Int: 13    God:    Xom [..*...]
Gold:   8          SH:  0    Dex: 13    Spells: 1/1 levels left

rFire   . . .      SeeInvis .   a - +0 hand axe (chaos)
rCold   . . .      Faith    .   (no shield)
rNeg    . . .      Spirit   .   b - +2 leather armour
rPois   .          Reflect  .   (no helmet)
rElec   .          Harm     .   (no cloak)
rCorr   .          Rampage  .   (no gloves)
Will    .....                   (no boots)
Stlth   +.........              (no amulet)
HPRegen 0.09/turn               (no ring)
MPRegen 0.08/turn               (no ring)

@: glowing
A: sense surroundings 1, otherworldly, glowing, explore regen
a: Renounce Religion


You were on level 3 of the Dungeon.
You worshipped Xom.
You were a toy of Xom.
You visited 1 branch of the dungeon, and saw 3 of its levels.

You collected 8 gold pieces.

Inventory:

Hand Weapons
 a - a +0 hand axe of chaos (weapon)
Armour
 b - a +2 leather armour (worn)
Scrolls
 d - a scroll of teleportation {unknown}
Potions
 e - a potion of resistance {unknown}
Miscellaneous
 c - a piece from Xom's chessboard (15/15) (quivered)


   Skills:
 + Level 3.6 Fighting
 - Level 3.6 Axes
 - Level 2.4 Armour
 + Level 2.0 Dodging


You had one spell level left.
You didn't know any spells.
Your spell library was empty.

Dungeon Overview and Level Annotations

Branches:
Dungeon (3/15)

Altars:


Innate Abilities, Weirdness & Mutations

You passively map a small area around you.
You are easily found by Zot.
You glow in the dark.
You regain HP and MP as you explore.


Message History

No target in view!
A kobold comes into view. It is wielding a +0 whip.
Found a stone staircase leading down.
The kobold shouts!
The kobold moves out of view.
The kobold hits you with a +0 whip.
You hit the kobold. You burn the kobold.
The kobold is severely wounded.
The kobold completely misses you.
You barely miss the kobold.
The kobold is severely wounded.
The kobold closely misses you.
You closely miss the kobold.
The kobold is severely wounded.
The kobold completely misses you.
You hit the kobold.
You kill the kobold!
No target in view!
Things that are here:
a +0 whip; 3 stones; a kobold corpse
There is a stone staircase leading down here.
You climb downwards.
HP restored.
There is a stone staircase leading up here.
There is a stone staircase leading up here.
Found a smoky white potion.
Found a stone staircase leading down.
e - a smoky white potion
There is a stone staircase leading down here.
You climb downwards.
Found a dagger.
There is a stone staircase leading up here.
You slash the rat!
You kill the rat!
The bat closely misses you.
You have reached level 2!
You miss the bat. The bat misses you.
You slash the bat!
You kill the bat!
No target in view!
You see here a rat corpse.
You open the door. As you open the door, it creaks loudly!
You hear a shout! x3
You see here a +0 dagger.
There is a stone staircase leading up here.
An orc comes into view. It is wielding a +0 flail.
An orc comes into view. It is wielding a +0 trident.
The orc hits you but does no damage.
An orc comes into view. It is wielding a +0 mace.
The orc hits you with a +0 trident.
The orc moves out of view.
You barely miss the orc. The orc hits you but does no damage.
You hit the orc.
You feel better.
The orc is lightly wounded.
You barely miss the orc. The orc barely misses you. The orc closely misses you.
You hit the orc but do no damage.
The orc is lightly wounded.
You hit the orc.
The orc seems to grow stronger.
Xom is highly amused!
The orc hits you but does no damage. x2
An orc comes into view. It is wielding a +0 dagger.
You hit the orc. You drain the orc.
The orc is severely wounded.
You hit the orc. The orc closely misses you. The orc barely misses you.
You barely miss the orc.
The orc is severely wounded.
You hit the orc but do no damage.
The orc suddenly seems more agile.
The orc completely misses you. The orc barely misses you.
The orc hits you with a +0 flail.
You barely miss the orc.
The orc is severely wounded.
You hit the orc. You burn the orc. You hit the orc but do no damage.
The orc is poisoned.
The orc hits you with a +0 mace. The orc barely misses you.
The orc hits you with a +0 flail.
You are too injured to fight recklessly!
You are too injured to fight recklessly!
You closely miss the orc.
The orc is severely wounded.
You miss the orc. You barely miss the orc.
You kill the orc!
The orc hits you with a +0 mace.
* * * LOW HITPOINT WARNING * * *
The orc closely misses you.
Your Dodging skill increases to level 2!
You hit the orc. You freeze the orc.
You kill the orc!
You hit the orc but do no damage. The orc completely misses you.
You closely miss the orc.
The orc is heavily wounded.
You hit the orc.
The orc is poisoned.
The orc hits you with a +0 dagger.
* * * LOW HITPOINT WARNING * * *
The orc hits you with a +0 mace.
* * * LOW HITPOINT WARNING * * *
You completely miss the orc.
The orc is severely wounded.
You barely miss the orc. The orc barely misses you. x2
You hit the orc but do no damage.
The orc is heavily wounded.
You hit the orc.
You kill the orc!
The orc hits you with a +0 mace.
You die...

#.......# #.....#.#
###...#### * #.....#.#
......... #.....#.#
........, ..#####.....#.#
......., ......'.......##
*#....# *
#.#####.††.....####....##
......'.)<..............#
......#........)@.......#
......###......o).......#
..... #.....#.........#
...#. ,.......#.........+
,
...#,,.###...^#.........#
* .., ,o #....#########.#
......# .# , , ,...# * ,
# , , * *


You could see an orc.

Vanquished Creatures
  3 orcs (D:3)
  An endoplasm (D:1)
  A hobgoblin (D:1)
  2 bats
  A kobold (D:1)
  A rat (D:3)
9 creatures vanquished.

Notes
Turn   | Place    | Note
-------+----------+-------------------------------------------
     0 | D:1      | Flugkiller the Meteoran Chaos Knight began the quest for
                  | the Orb.
     0 | D:1      | Reached XP level 1. HP: 19/19 MP: 2/2
   103 | D:3      | Reached XP level 2. HP: 26/26 MP: 3/3
   135 | D:3      | Slain by an orc

Illustrated notes

Levels and vault maps discovered:
D:1:      tarquinn_simple_flora_water_d, layout_loops_cross,
          hellmonk_ecumenical_altar_inner_sanctum
D:2:      layout_basic, serial_shops, shop, basic_altar, minmay_tripent
D:3:      layout_basic

Skill      XL: |  1  2 |
---------------+-------+-----
Dodging        | 2 |  2.0
Fighting       | |  3.6
Axes           | |  3.6
Armour         | |  2.4

Action                   || total
-------------------------++-------
Melee: Hand axe          ||    23
Armor: Leather armour    ||    11
Dodge: Dodged            ||    17

Table legend: (Time is in decaauts)
 A = Elapsed time spent in this place.
 B = Non-inter-level travel time spent in this place.
 C = Inter-level travel time spent in this place.
 D = Time resting spent in this place.
 E = Time spent auto-exploring this place.
 F = Levels seen in this place.
 G = Mean time per level.
                   A        B        C        D        E       F      G
               +--------+--------+--------+--------+--------+-----+--------+
         Total |    139 |    139 |      0 |      0 |      0 |   3 |   46.3 |
       Dungeon |    139 |    139 |      0 |      0 |      0 |   3 |   46.3 |
               +--------+--------+--------+--------+--------+-----+--------+

Top non-repeatable levels by time:
     D:1: 87 daAuts
     D:3: 35 daAuts
     D:2: 15 daAuts
